 Dungeon Crawl Stone Soup version 0.27-a0-531-gb72ec1a1b6 (webtiles) character file.

Game seed: 310398507449325257

11 sahdkjhfkaj the Ducker (level 2, 0/16 HPs)
             Began as a Spriggan Monk on Mar 5, 2021.
             Slain by a gnoll
             ... wielding a +0 club
              (5 damage)
             ... on level 1 of the Dungeon.
             The game lasted 00:00:41 (518 turns).

sahdkjhfkaj the Ducker (Spriggan Monk)               Turns: 518, Time: 00:00:41

Health: 0/16       AC:  2    Str:  7    XL:     2   Next: 13%
Magic:  3/3        EV: 19    Int: 11    God:
Gold:   0          SH:  0    Dex: 17    Spells: 1/1 levels left

rFire    . . .     SeeInvis +   a - +0 spear
rCold    . . .     Faith    .   (shield restricted)
rNeg     . . .     Spirit   .   b - +0 robe
rPois    .         Reflect  .   (helmet restricted)
rElec    .         Harm     .   (no cloak)
rCorr    .         Rampage  .   (gloves unavailable)
Will     .....                  (boots unavailable)
Stlth    ++........             (no amulet)
HPRegen  0.05/turn              (no ring)
MPRegen  0.08/turn              (no ring)

@: very quick
A: very small, unfitting armour, see invisible, speed 3
a: no special abilities


You were on level 1 of the Dungeon.
You visited 1 branch of the dungeon, and saw 1 of its levels.

Inventory:

Hand Weapons
 a - a +0 spear (weapon)
Armour
 b - a +0 robe (worn)


   Skills:
 - Level 2.4 Fighting
 - Level 2.1 Polearms
 + Level 4.9 Dodging
 - Level 3.0 Stealth


You had one spell level left.
You didn't know any spells.
Your spell library was empty.

Dungeon Overview and Level Annotations

Branches:
Dungeon (1/15)

Altars:


Innate Abilities, Weirdness & Mutations

You are very small and have problems with some larger weapons.
You are too small for most types of armour.
You have supernaturally acute eyesight. (SInv)
You cover ground extremely quickly. (Speed+++)


Message History

You are too injured to fight recklessly!
You are too injured to fight recklessly!
You are too injured to fight recklessly!
You hit the bat but do no damage. The bat misses you. The hobgoblin misses you.
The hobgoblin completely misses you. The bat closely misses you.
The bat misses you. The bat hits you.
A hobgoblin comes into view.
The bat barely misses you.
The hobgoblin shouts!
The bat hits you. The hobgoblin closely misses you. The bat closely misses you.
The bat completely misses you.
You closely miss the bat. The bat completely misses you.
Reach: a) +0 spear
Press: ? - help, Dir - move target, f - bat
Aim: a bat (about 49% to evade your +0 spear)
You reach to attack!
You hit the bat.
The bat is severely wounded.
The bat misses you. The bat hits you but does no damage.
Unknown command.
You hit the bat.
You kill the bat!
Reach: a) +0 spear
Press: ? - help, Dir - move target, f - hobgoblin
Aim: a hobgoblin (about 36% to evade your +0 spear)
You reach to attack!
You hit the hobgoblin.
The hobgoblin is lightly wounded.
A gnoll comes into view. It is wielding a +0 club.
The gnoll shouts!
You hear a shout!
You hear an angry hiss.
You hear a shout!
A bat comes into view.
The bat moves out of view.
Found a metallic sapphire potion.
A goblin comes into view.
A hobgoblin comes into view.
Found 23 sling bullets and 7 gold pieces.
A ball python comes into view.
Found 22 stones.
The gnoll hits you with a +0 club.
You die...

##### ######### ##...##
##...@...######.....##
#......g.g.g.g........#
#.#.##S#.######.......#
.. (.#b.# #.......#
#.#.##!#.# ##.....## #
# #g#.# ##..g..## g ..#
#.......# ## #.#
###..gg...# $..
...........#


You could see a gnoll, 3 hobgoblins, a bat and a ball python.

Vanquished Creatures
  A dart slug (D:1)
  3 bats (D:1)
  A goblin (D:1)
  2 hobgoblins (D:1)
  A kobold (D:1)
8 creatures vanquished.

Notes
Turn   | Place    | Note
-------+----------+-------------------------------------------
     0 | D:1      | sahdkjhfkaj the Spriggan Monk began the quest for the Orb.
     0 | D:1      | Reached XP level 1. HP: 11/11 MP: 2/2
   475 | D:1      | Reached XP level 2. HP: 15/16 MP: 3/3
   518 | D:1      | Slain by a gnoll

Illustrated notes

Levels and vault maps discovered:
D:1:      moated_graveyard_arrival, layout_rooms, minmay_small_reverse_x

Action                   || total
-------------------------++-------
Melee: Spear             ||    56
Armor: Robe              ||     7
Dodge: Dodged            ||    54

Table legend: (Time is in decaauts)
 A = Elapsed time spent in this place.
 B = Non-inter-level travel time spent in this place.
 C = Inter-level travel time spent in this place.
 D = Time resting spent in this place.
 E = Time spent auto-exploring this place.
 F = Levels seen in this place.
 G = Mean time per level.
                   A        B        C        D        E       F      G
               +--------+--------+--------+--------+--------+-----+--------+
         Total |    485 |    485 |      0 |      0 |    391 |   1 |  485.0 |
       Dungeon |    485 |    485 |      0 |      0 |    391 |   1 |  485.0 |
               +--------+--------+--------+--------+--------+-----+--------+

Top non-repeatable levels by time:
     D:1: 485 daAuts
